 Dungeon Crawl Stone Soup version 0.28-a0-724-g66f9036eb4 (webtiles) character file.

Game seed: 2255377235554507008

45333 jasper the Warrior (level 14, -1/148 HPs)
             Began as a Minotaur Berserker on Oct 26, 2021.
             Was a High Priest of Trog.
             Slain by a two-headed ogre (13 damage)
             ... on level 2 of the Orcish Mines.
             The game lasted 00:44:44 (22906 turns).

jasper the Warrior (Minotaur Berserker)            Turns: 22906, Time: 00:44:45

Health: -1/148     AC: 18    Str: 23    XL:     14   Next: 0%
Magic:  13/13      EV: 13    Int:  4    God:    Trog [*****.]
Gold:   370        SH:  0    Dex: 14    Spells: 13/13 levels left

rFire   x . .      SeeInvis .   u - +2 battleaxe (flame)
rCold   + + +      Faith    .   (shield currently unavailable)
rNeg    . . .      Spirit   .   J - +0 ice dragon scales
rPois   +          Reflect  .   (helmet restricted)
rElec   .          Harm     .   a - +0 cloak {rPois}
rCorr   .          Rampage  .   B - +0 pair of gloves
Will    +....                   D - +0 pair of boots
Stlth   ..........              k - amulet of regeneration
HPRegen 1.34/turn               C - ring of protection from cold
MPRegen 0.13/turn               s - +4 ring of slaying

@: no status effects
A: horns 2, retaliatory headbutt
a: Renounce Religion, Berserk, Trog's Hand, Brothers in Arms


You were on level 2 of the Orcish Mines.
You worshipped Trog.
Trog was extremely pleased with you.
You visited 3 branches of the dungeon, and saw 18 of its levels.

You collected 1592 gold pieces.
You spent 1222 gold pieces at shops.

Inventory:

Hand Weapons
 r - a +3 dire flail of holy wrath
 u - a +2 battleaxe of flaming (weapon)
 F - the +10 whip of Getearoe {speed, rF+ Str+3}
   (You found it on level 8 of the Dungeon)

   Attacks with this weapon are significantly faster.
   Str:       It affects your strength (+3).
   rF:        It protects you from fire.
 Q - a +0 battleaxe
 U - a +0 executioner's axe
Missiles
 b - 2 boomerangs of dispersal
 l - 611 stones (quivered)
 p - 15 atropa-tipped darts
 v - 5 datura-tipped darts
 E - 58 poisoned darts
 S - 2 javelins
 W - 5 curare-tipped darts
Armour
 a - a +0 cloak of poison resistance (worn)
 c - a +1 plate armour of fire resistance
 j - the +2 scale mail of the Amoeba {rPois rC++ Int-2}
   (You found it on level 1 of the Orcish Mines)

   Int:       It affects your intelligence (-2).
   rC:        It greatly protects you from cold.
   rPois:     It protects you from poison.
 B - a +0 pair of gloves (worn)
 D - a +0 pair of boots (worn)
 I - +0 acid dragon scales
 J - +0 ice dragon scales (worn)
Jewellery
 i - the ring of the Ancients {Fire Dex+4}
   (You found it on level 1 of the Orcish Mines)

   [ring of fire]

   It enhances your fire magic.
   Dex:       It affects your dexterity (+4).
   rF:        It protects you from fire.
   rC:        It makes you vulnerable to cold.
 k - an amulet of regeneration (around neck)
 o - a +4 ring of evasion
 s - a +4 ring of slaying (right hand)
 C - a ring of protection from cold (left hand)
 P - a ring of ice
 Z - a ring of fire
Wands
 G - a wand of mindburst (10)
 Y - a wand of iceblast (15)
Scrolls
 n - 5 scrolls of enchant weapon
 t - a scroll of summoning
 x - 5 scrolls of teleportation
 O - 2 scrolls of enchant armour
 X - 4 scrolls of identify
Potions
 d - 4 potions of haste
 e - 6 potions of attraction
 f - 8 potions of lignification
 g - 2 potions of ambrosia
 h - 7 potions of curing
 m - 4 potions of might
 q - a potion of invisibility
 H - 2 potions of magic
 M - a potion of flight
 N - 4 potions of brilliance
 R - 2 potions of resistance
 V - 2 potions of berserk rage
Miscellaneous
 K - a condenser vane (inert)


   Skills:
 - Level 20.0 Fighting
 * Level 15.4 Axes
 + Level 12.3 Armour
 + Level 8.5 Dodging
 - Level 1.3 Evocations


You had 13 spell levels left.
You didn't know any spells.
Your spell library was empty.

Dungeon Overview and Level Annotations

Branches:
Dungeon (11/15)            Temple (0/1) D:6            Lair (5/6) D:8
  Swamp (0/4) Lair:3        Snake (0/4) Lair:2          Orc (2/2) D:9
  Slime: Lair:5-6       Elf: Orc:2

Altars:
Ashenzari
Dithmenos
Kikubaaqudgha
Nemelex Xobeh
Ru
Vehumet
Xom

Shops:
D:3 (   D:7 =   D:11 !   Orc:1 [   Orc:2 [

Annotations:
Lair:5 Nessos


Innate Abilities, Weirdness & Mutations

You have a pair of horns on your head.
You reflexively headbutt those who attack you in melee.


Message History

The two-headed ogre hits you with a +0 giant club!
* * * LOW HITPOINT WARNING * * *
The ogre hits you with a +0 giant spiked club.
* * * LOW HITPOINT WARNING * * *
The two-headed ogre hits you with a +0 giant club!
* * * LOW HITPOINT WARNING * * *
The two-headed ogre barely misses you. The ogre hits you but does no damage.
The two-headed ogre misses you. The two-headed ogre barely misses you.
You take 38 damage, and have 21/148 hp.
MASSIVE DAMAGE!!
Okay, then.
Okay, then.
Unknown command.
Aiming: Iceblast
Press: ? - help, Shift-Dir - straight line, f - you That beam is likely to hit you.
Continue anyway?
The mass of ice explodes!
The iceblast engulfs you! You partially resist.
* * * LOW HITPOINT WARNING * * *
The iceblast engulfs the two-headed ogre!
The two-headed ogre is almost dead.
The iceblast engulfs the ogre!
The ogre is moderately wounded.
The iceblast engulfs the two-headed ogre!
The two-headed ogre is severely wounded.
The iceblast engulfs the two-headed ogre!
The two-headed ogre is almost dead.
The iceblast engulfs the two-headed ogre!
The two-headed ogre is moderately wounded.
The iceblast engulfs the two-headed ogre!
The two-headed ogre is moderately wounded.
The iceblast engulfs the two-headed ogre!
The two-headed ogre is heavily wounded.
The iceblast engulfs the ogre!
The ogre is moderately wounded.
You hear two shouts!
The two-headed ogre closely misses you. You furiously retaliate!
You headbutt the two-headed ogre!
You kill the two-headed ogre!
Trog accepts your kill.
The two-headed ogre hits you with a +0 giant club!
You die...

.....OO....)
........................
..$.......#..O..........
...$........)O...(......
...........O###.O###....
. ........O# #... ##...
...#...OO..##.... #...
......)OO..##..O #..#
.....OO@OO.#... #..#
......OOO).# #...
........)..#
....#.#....# ...
.∩.....# .. .#.#..... .
... ....... .. .
..#..#..


You could see 6 two-headed ogres, 2 ogre magi and 7 ogres.

Vanquished Creatures
  2 orc warlords (Orc:1)
  Fannar (D:11)
  An ogre mage (Orc:2)
  2 hydras
  9 two-headed ogres
  4 death yaks
  Sonja (Orc:1)
  An orc high priest (D:9)
  A bog body (Lair:3)
  3 orc knights
  3 cyclopes
  2 orc sorcerers (Orc:1)
  5 elephants (Lair:5)
  Maurice (Orc:1)
  2 black mambas
  3 torpor snails
  Maggie (D:6)
  A gargoyle (D:11)
  4 cane toads
  7 komodo dragons
  A rime drake (Lair:4)
  An unseen horror (D:11)
  A kobold demonologist (D:11)
  2 polar bears
  A hornet (Lair:4)
  10 trolls
  13 blink frogs
  Sigmund (D:5)
  A spriggan (shapeshifter) (D:9)
  3 wyverns
  2 wraiths
  2 basilisks
  18 yaks
  A steam dragon (D:7)
  4 vampire mosquitoes (D:10)
  Edmund (D:5)
  9 wargs
  2 nagas (Lair:2)
  An acid dragon (D:9)
  13 water moccasins
  23 orc warriors
  A hornet zombie (D:8)
  A necrophage (D:8)
  2 sky beasts
  3 black bears
  3 wolves (D:8)
  17 ogres
  3 centaurs
  5 kobold brigands
  14 bullfrogs
  A gnoll sergeant (Orc:1)
  2 wyvern zombies
  4 scorpions
  7 killer bees (D:9)
  A wight (D:9)
  4 howler monkeys
  An electric eel (D:8)
  4 centaur zombies
  2 jellies
  Crazy Yiuf (D:7)
  2 bullfrog skeletons (D:5)
  2 centaur skeletons
  12 orc priests
  3 hounds (D:8)
  Jessica (D:3)
  4 iguanas
  23 orc wizards
  A killer bee zombie (D:5)
  2 hound skeletons (D:4)
  A howler monkey zombie (D:9)
  10 gnolls
  8 adders
  2 white imps
  An ufetubus (D:4)
  A worm (D:2)
  5 dart slugs
  53 orcs
  7 ball pythons
  11 bats
  7 endoplasms
  6 giant cockroaches
  7 goblins
  5 hobgoblins
  29 kobolds
  5 quokkas
  5 frilled lizards
  2 rats (D:1)
455 creatures vanquished.

Vanquished Creatures (collateral kills)
  A basilisk (Lair:3)
1 creature vanquished.

Vanquished Creatures (others)
  An orc wizard (Orc:1)
  An orc (Orc:1)
  13 fungi
  21 plants
36 creatures vanquished.

Grand Total: 492 creatures vanquished

Notes
Turn   | Place    | Note
-------+----------+-------------------------------------------
     0 | D:1      | jasper the Minotaur Berserker began the quest for the Orb.
     0 | D:1      | Reached XP level 1. HP: 19/19 MP: 0/0
    78 | D:1      | Found a faded altar of an unknown god.
   321 | D:1      | Reached XP level 2. HP: 27/27 MP: 1/1
  1126 | D:2      | Reached skill level 4 in Fighting
  1254 | D:2      | Reached XP level 3. HP: 32/33 MP: 2/2
  1471 | D:2      | Reached ** piety under Trog
  2307 | D:3      | Reached XP level 4. HP: 40/40 MP: 3/3
  2325 | D:3      | Reached skill level 5 in Axes
  2813 | D:3      | Noticed Jessica
  2824 | D:3      | Killed Jessica
  3065 | D:3      | Found Faumucvi's Weapon Emporium.
  4465 | D:4      | Reached XP level 5. HP: 47/47 MP: 4/4
  4568 | D:4      | Identified the +9 rapier "Peaneeham" {drain, Drain Str+3
                  | Int+6}
  4597 | D:4      | Reached *** piety under Trog
  4648 | D:4      | Found a broken altar of Ashenzari.
  4795 | D:4      | Reached skill level 5 in Fighting
  4999 | D:5      | Entered Level 5 of the Dungeon
  5428 | D:5      | Noticed a black bear
  5502 | D:5      | Reached XP level 6. HP: 56/56 MP: 5/5
  5535 | D:5      | Found a radiant altar of Vehumet.
  5535 | D:5      | Noticed Edmund
  5766 | D:5      | Reached skill level 6 in Fighting
  5960 | D:6      | Reached skill level 5 in Armour
  5960 | D:6      | Reached XP level 7. HP: 60/64 MP: 6/6
  5977 | D:6      | Reached skill level 7 in Fighting
  6387 | D:6      | Found a staircase to the Ecumenical Temple.
  6407 | D:6      | Noticed Maggie
  6558 | D:7      | Found Qusotaost's Jewellery Shoppe.
  6619 | D:7      | Reached skill level 8 in Fighting
  6619 | D:7      | Reached XP level 8. HP: 74/74 MP: 7/7
  7106 | D:7      | Reached skill level 9 in Fighting
  7151 | D:7      | Found a runed translucent door.
  7152 | D:7      | Noticed Crazy Yiuf
  7183 | D:7      | Found an ancient bone altar of Kikubaaqudgha.
  7404 | D:8      | Noticed a two-headed ogre
  7604 | D:8      | Reached skill level 10 in Fighting
  7606 | D:8      | Reached **** piety under Trog
  7607 | D:8      | Reached XP level 9. HP: 73/85 MP: 8/8
  7611 | D:8      | Identified the +10 whip of Getearoe {speed, rF+ Str+3}
  7929 | D:8      | Noticed a two-headed ogre
  7952 | D:8      | Killed a two-headed ogre
  7953 | D:8      | Reached skill level 11 in Fighting
  8336 | D:8      | Found a staircase to the Lair.
  8729 | D:9      | Found a staircase to the Orcish Mines.
  9132 | D:9      | Reached skill level 12 in Fighting
  9267 | D:9      | Noticed a troll
  9287 | D:9      | Killed a troll
  9288 | D:9      | Reached skill level 10 in Axes
  9288 | D:9      | Reached XP level 10. HP: 92/97 MP: 9/9
  9579 | D:9      | Reached skill level 13 in Fighting
  9813 | D:10     | Entered Level 10 of the Dungeon
  9822 | D:10     | Noticed a two-headed ogre
 10229 | D:11     | Found Kazue's Distillery.
 10237 | D:11     | Bought a potion of curing for 39 gold pieces
 10237 | D:11     | Bought a potion of curing for 39 gold pieces
 10237 | D:11     | Bought a potion of might for 52 gold pieces
 10239 | D:11     | Noticed an eight-headed hydra
 10252 | D:11     | Killed an eight-headed hydra
 10253 | D:11     | Reached skill level 14 in Fighting
 10359 | D:11     | Noticed a gargoyle
 10373 | D:11     | Killed a gargoyle
 10483 | D:11     | Reached ***** piety under Trog
 10488 | D:11     | Reached XP level 11. HP: 101/110 MP: 10/10
 10564 | D:11     | Reached skill level 5 in Dodging
 10639 | D:11     | Noticed Fannar
 10662 | D:11     | Killed Fannar
 11182 | Orc:1    | Entered Level 1 of the Orcish Mines
 11198 | D:9      | Reached skill level 15 in Fighting
 11507 | Orc:1    | Noticed an orc high priest
 11516 | Orc:1    | Noticed a sixfirhy
 11834 | D:10     | Killed a two-headed ogre
 11902 | D:10     | Found a shimmering altar of Xom.
 12669 | D:8      | Killed a two-headed ogre
 13615 | D:7      | Killed Crazy Yiuf
 13698 | D:6      | Killed Maggie
 13967 | D:5      | Found a sacrificial altar of Ru.
 13969 | D:5      | Found a shadowy altar of Dithmenos.
 14020 | D:5      | Killed Edmund
 14121 | D:5      | Noticed Sigmund
 14131 | D:5      | Killed Sigmund
 14201 | D:5      | Received a gift from Trog
 14492 | Lair:1   | Entered Level 1 of the Lair of Beasts
 14548 | D:8      | Reached skill level 16 in Fighting
 14590 | D:8      | Reached XP level 12. HP: 87/123 MP: 11/11
 15365 | Lair:1   | Identified the +2 robe of the Heavens {Harm Dex+4}
 15430 | Lair:1   | Found a shimmering altar of Xom.
 16215 | Lair:2   | Reached skill level 17 in Fighting
 16242 | Lair:2   | Found a staircase to the Snake Pit.
 16741 | Lair:2   | Found a sparkling altar of Nemelex Xobeh.
 17395 | Lair:3   | Found a staircase to the Swamp.
 18568 | Lair:4   | Noticed a death yak
 18572 | Lair:4   | Noticed a death yak
 18574 | Lair:4   | Noticed a death yak
 18584 | Lair:3   | Killed a death yak
 18585 | Lair:3   | Reached skill level 18 in Fighting
 18585 | Lair:3   | Reached skill level 10 in Armour
 18605 | Lair:3   | Killed a death yak
 18610 | Lair:3   | Killed a death yak
 19033 | Lair:4   | Noticed a death yak
 19079 | Lair:4   | Killed a death yak
 19090 | Lair:4   | Noticed a six-headed hydra
 19096 | Lair:4   | Reached XP level 13. HP: 135/135 MP: 12/12
 20755 | Lair:5   | Noticed Nessos
 21338 | Orc:1    | Reached skill level 19 in Fighting
 21432 | Orc:1    | Noticed Maurice
 21471 | Orc:1    | Killed Maurice
 21599 | Orc:1    | Noticed Sonja
 21613 | Orc:1    | Killed Sonja
 21664 | Orc:1    | Noticed an orc warlord
 21682 | Orc:1    | Killed an orc warlord
 21872 | D:9      | Reached skill level 15 in Axes
 22140 | Orc:1    | Noticed an orc warlord
 22196 | Orc:1    | Killed an orc warlord
 22374 | Orc:1    | Identified the ring of the Ancients {Fire Dex+4}
 22376 | Orc:1    | Identified the +2 scale mail of the Amoeba {rPois rC++
                  | Int-2}
 22539 | D:7      | Bought a +4 ring of slaying for 1092 gold pieces
 22664 | Orc:1    | Found Tued's Armour Shop.
 22708 | Orc:2    | Entered Level 2 of the Orcish Mines
 22784 | Orc:1    | Reached skill level 20 in Fighting
 22810 | Orc:2    | Found Hojalurpha's Antique Armour Shop.
 22838 | Orc:2    | Reached skill level 1 in Evocations
 22838 | Orc:2    | Reached XP level 14. HP: 81/148 MP: 13/13
 22893 | Orc:1    | Received a gift from Trog
 22906 | Orc:2    | Slain by a two-headed ogre

Illustrated notes

Levels and vault maps discovered:
D:1:      dpeg_arrival_concentric_ovals, layout_loops_ring,
          hellmonk_ecumenical_altar_heavens_door, minmay_bisected
D:2:      kb_forest_paths, layout_loops_corners
D:3:      layout_basic, serial_shops, nicolae_square_shop,
          kennysheep_cross_room, minmay_misc_feat_enclosed, uniq_jessica
D:4:      layout_loops_corners, overflow_temple_1_default,
          minmay_close_crescents
D:5:      layout_gridville, grunt_temple_overflow_open, uniq_edmund,
          uniq_sigmund
D:6:      layout_cave_pools, minmay_temple_entry_metal_lava, uniq_maggie
D:7:      layout_loops_cross, marbit_many_paths,
          minmay_shop_enchanted_jewellery, sigmund_army, uniq_crazy_yiuf_cottage
D:8:      layout_basic, erik_lair_island, minmay_misc_feat_five, minivault_25
D:9:      layout_loops_corners, minmay_orc_entry_guard_dogs,
          minmay_misc_feat_columns, kennysheep_kite_vault
D:10:     layout_loops_ring, overflow_temple_1_default
D:11:     layout_loops_ring, serial_shops, shop, minmay_sticks_and_stones,
          uniq_fannar
Lair:1:   layout_small_grid, basic_altar, serial_bayou_pond_c,
          beast_lair_carwin_7, grunt_megastairs_2, serial_bayou_shore_b
Lair:2:   layout_regular_city, guppyfry_snake_entry_garden, basic_altar,
          serial_bayou_shore_b
Lair:3:   layout_cave_pods, skrybe_swamp_entry_bodies, serial_rivers,
          chequers_serial_rivers_small_b, chequers_serial_rivers_micro_e,
          chequers_serial_rivers_room_b, chequers_serial_rivers_micro_e,
          chequers_serial_rivers_micro_b, chequers_serial_rivers_micro_a
Lair:4:   layout_layer_cave
Lair:5:   layout_roguey, uniq_nessos
Orc:1:    layout_diamond_mine, serial_shops, shop, nicolae_orc_stony_grotto,
          minmay_orc_treasury, uniq_sonja, uniq_maurice
Orc:2:    st_orc_ogre_mass, layout_caves, serial_shops, shop_fountains,
          nicolae_shop_crystal, mines5_lemuel

Skill      XL: |  1  2  3  4  5  6  7  8  9 10 11 12 13 |
---------------+----------------------------------------+-----
Axes           | 4 5 6 7 8 10 11 12 14 15 | 15.4
Fighting       | 4 5 6 8 10 12 14 16 18 20 | 20.0
Armour         | 3 4 5 6 7 9 10 12 | 12.3
Dodging        | 4 7 8 |  8.5
Evocations     | 1 |  1.3

Action                   |  1- 3 |  4- 6 |  7- 9 | 10-12 | 13-15 || total
-------------------------+-------+-------+-------+-------+-------++-------
Melee: Hand axe          |   100 |    40 |       |       |       ||   140
       Headbutt          |    11 |    15 |    36 |   155 |   111 ||   328
       Rapier            |       |    62 |    76 |       |       ||   138
       Whip              |       |       |    89 |   536 |   368 ||   993
 Fire: Hunting sling     |       |    22 |       |       |       ||    22
Throw: Stone             |     3 |    66 |    33 |    70 |    35 ||   207
       Dart              |       |       |     3 |       |       ||     3
       Throwing net      |       |       |     1 |       |       ||     1
Invok: Berserk           |     1 |       |     3 |    12 |     5 ||    21
       Trog's Hand       |       |       |     3 |     5 |     5 ||    13
       Brothers in Arms  |       |       |       |     1 |     1 ||     2
Evoke: Wand              |       |       |       |    13 |    12 ||    25
       Condenser vane    |       |       |       |     2 |     2 ||     4
  Use: Scroll            |     8 |     2 |     4 |     7 |     4 ||    25
       Potion            |       |       |       |       |     1 ||     1
 Stab: Held in net/web   |       |       |     1 |       |       ||     1
       Distracted        |       |       |       |       |     1 ||     1
       Confused          |       |       |       |       |     1 ||     1
Armor: Chain mail        |    49 |    64 |    11 |       |       ||   124
       Animal skin       |     2 |       |       |       |       ||     2
       Plate armour      |       |       |    55 |     8 |       ||    63
       Ice dragon scales |       |       |       |   163 |    86 ||   249
Dodge: Dodged            |    43 |    58 |    36 |   223 |   228 ||   588

Table legend: (Time is in decaauts)
 A = Elapsed time spent in this place.
 B = Non-inter-level travel time spent in this place.
 C = Inter-level travel time spent in this place.
 D = Time resting spent in this place.
 E = Time spent auto-exploring this place.
 F = Levels seen in this place.
 G = Mean time per level.
                   A        B        C        D        E       F      G
               +--------+--------+--------+--------+--------+-----+--------+
         Total |  22759 |  20597 |   2162 |   5790 |  10919 |  18 | 1264.4 |
       Dungeon |  14933 |  13357 |   1576 |   3800 |   6993 |  11 | 1357.5 |
          Lair |   6101 |   5602 |    499 |   1552 |   3421 |   5 | 1220.2 |
  Orcish Mines |   1723 |   1637 |     86 |    438 |    505 |   2 |  861.5 |
               +--------+--------+--------+--------+--------+-----+--------+

Top non-repeatable levels by time:
     D:8: 2550 daAuts
     D:9: 1911 daAuts
  Lair:3: 1724 daAuts
   Orc:1: 1645 daAuts
  Lair:4: 1607 daAuts
     D:4: 1601 daAuts
     D:2: 1484 daAuts
  Lair:2: 1336 daAuts
     D:3: 1290 daAuts
     D:5: 1272 daAuts
     D:7: 1138 daAuts
  Lair:1: 1076 daAuts
    D:10: 1034 daAuts
    D:11: 1016 daAuts
     D:1: 999 daAuts
